 Dungeon Crawl Stone Soup version 0.24.0-29-g8ce449bc06 (webtiles) character file.

Game seed: 14428623679622105255, levelgen mode: deterministic

724 Flugslaktarn the Chopper (level 7, -3/64 HPs)
             Began as a Deep Dwarf Fighter on Nov 14, 2019.
             Was an Initiate of Makhleb.
             Slain by an ice beast (9 damage)
             ... on level 5 of the Dungeon.
             The game lasted 00:01:23 (2382 turns).

Flugslaktarn the Chopper (Deep Dwarf Fighter)       Turns: 2382, Time: 00:01:23

Health: -3/64      AC:  8    Str: 21    XL:     7   Next: 43%
Magic:  7/7        EV:  7    Int:  9    God:    Makhleb [......]
Gold:   246        SH: 10    Dex: 12    Spells: 6/6 levels left

rFire    . . .     SeeInvis .   a - +0 war axe
rCold    . . .     Gourm    .   c - +0 shield
rNeg     . . .     Faith    .   b - +0 scale mail
rPois    .         Spirit   .   (no helmet)
rElec    .         Reflect  .   (no cloak)
rCorr    .         Harm     .   g - +0 pair of gloves
MR       +....                  (no boots)
Stlth    ..........             (no amulet)
HPRegen  0.00/turn              (no ring)
MPRegen  0.10/turn              (no ring)

@: non-regenerating, slowed, very slow
A: damage resistance, heal wounds, sense surroundings 1, no regeneration
a: Heal Wounds, Renounce Religion


You were on level 5 of the Dungeon.
You worshipped Makhleb.
Makhleb was noncommittal.
You were not hungry.

You visited 1 branch of the dungeon, and saw 5 of its levels.

You collected 246 gold pieces.

Inventory:

Hand Weapons
 a - a +0 war axe (weapon)
Armour
 b - a +0 scale mail (worn)
 c - a +0 shield (worn)
 g - a +0 pair of gloves (worn)
   (You found it on level 4 of the Dungeon)
Jewellery
 q - a cursed ring of teleportation {unknown}
   (You found it on level 4 of the Dungeon)
Wands
 m - a wand of acid (7)
   (You found it on level 3 of the Dungeon)
Scrolls
 f - 2 scrolls of amnesia {unknown}
 h - 2 scrolls of remove curse {unknown}
 i - 2 scrolls of teleportation {unknown}
 j - 2 scrolls of blinking {unknown}
 k - a scroll of immolation {unknown}
 l - 2 scrolls of enchant weapon {unknown}
 s - a scroll of identify {unknown}
 v - a scroll of magic mapping {unknown}
Potions
 d - 2 potions of might
 n - a potion of lignification {unknown}
 o - 2 potions of brilliance {unknown}
 p - 5 potions of curing {unknown}
 r - a potion of berserk rage {unknown}
 t - a potion of heal wounds {unknown}
 u - 2 potions of haste {unknown}
Comestibles
 e - 5 rations


   Skills:
 + Level 4.0 Fighting
 * Level 5.7 Axes
 + Level 4.9 Armour
 + Level 5.0 Shields
 + Level 2.3 Invocations
 + Level 2.3 Evocations


You had 6 spell levels left.
You didn't know any spells.
Your spell library was empty.

Dungeon Overview and Level Annotations

Branches:
Dungeon (5/15)
 Temple: D:4-7

Altars:
Ashenzari
Elyvilon
Gozag
Kikubaaqudgha
Makhleb
Nemelex Xobeh
Qazlal

Annotations:
D:5 3 runed translucent doors, Inarius's ghost, novice VSFE


Innate Abilities, Weirdness & Mutations

You are resistant to damage.
You can heal yourself by infusing magical energy.
You passively map a small area around you.
You do not regenerate.


Message History

You hit the orc wizard but do no damage.
The orc wizard is severely wounded.
Your shield prevents you from hitting the ice beast.
You block the orc wizard's attack.
The orc wizard mumbles some strange words.
The orc wizard blinks!
The ice beast hits you. The ice beast freezes you!
The ice beast completely misses you.
You are too injured to fight recklessly!
You are too injured to fight recklessly!
You hit the ice beast but do no damage.
The ice beast is moderately wounded.
You block the ice beast's attack. The ice beast hits you.
The ice beast freezes you.
* * * LOW HITPOINT WARNING * * *
You slash the ice beast!
The ice beast is severely wounded.
The ice beast hits you. The ice beast freezes you!
* * * LOW HITPOINT WARNING * * *
The ice beast hits you. The ice beast freezes you!
You die...

######.#####.......#.#.....#
.#####.##..##..⌠..##.#######
.......##...##...###.#
.......##....#####.#.#
.###...##........#.#.#
.###...##....o..o#.#.#
..##...##....o.oo#[#.#
_......#######o#Y#.#.#######
..##.#.# #@#.........#
.###.#.# #.#.........#
.###.#.# #.#.........#
.....#.#########.#.........#
.#####.......)...#.....()..#
.###############.#.........#
...........................#
#.###############..........#
.....)...>.................#


You could see an ice beast, an orc wizard and 2 orcs.

Vanquished Creatures
  2 hippogriffs
  2 ogres (D:5)
  A crimson imp (D:5)
  A hound (D:4)
  2 worker ants (D:5)
  A hound skeleton (D:5)
  2 adders (D:3)
  A shadow imp (D:5)
  A worm (D:3)
  A dart slug (D:1)
  6 orcs
  4 giant cockroaches
  3 goblins
  2 hobgoblins (D:1)
  10 jackals
  7 kobolds
  A quokka (D:3)
  A ball python (D:1)
  6 bats
  A frilled lizard (D:3)
  A leopard gecko skeleton (D:5)
  3 rats (D:3)
59 creatures vanquished.

Notes
Turn   | Place    | Note
-------+----------+-------------------------------------------
     0 | D:1      | Flugslaktarn the Deep Dwarf Fighter began the quest for the
                  | Orb.
     0 | D:1      | Reached XP level 1. HP: 20/20 MP: 1/1
   120 | D:1      | Reached XP level 2. HP: 25/27 MP: 2/2
   408 | D:2      | Found a white marble altar of Elyvilon.
   535 | D:3      | Reached XP level 3. HP: 29/34 MP: 3/3
   608 | D:3      | Noticed a hippogriff
   632 | D:3      | Killed a hippogriff
   632 | D:3      | Reached XP level 4. HP: 35/42 MP: 4/4
   632 | D:3      | Reached XP level 5. HP: 41/49 MP: 5/5
   944 | D:4      | Found a shattered altar of Ashenzari.
   959 | D:4      | Found a burning altar of Makhleb.
   996 | D:4      | Became a worshipper of Makhleb the Destroyer
  1145 | D:4      | Reached XP level 6. HP: 49/56 MP: 6/6
  1577 | D:5      | Entered Level 5 of the Dungeon
  1608 | D:5      | Found a sparkling altar of Nemelex Xobeh.
  1609 | D:5      | Found an opulent altar of Gozag.
  1629 | D:5      | Found an ancient bone altar of Kikubaaqudgha.
  1657 | D:5      | Noticed a hippogriff
  1679 | D:5      | Killed a hippogriff
  1679 | D:5      | Reached skill level 5 in Axes
  1679 | D:5      | Reached skill level 1 in Invocations
  1679 | D:5      | Reached skill level 1 in Evocations
  1724 | D:5      | Reached XP level 7. HP: 31/63 MP: 7/7
  1868 | D:5      | Found a runed translucent gate.
  1868 | D:5      | Found a runed translucent gate.
  1868 | D:5      | Found a runed translucent gate.
  1868 | D:5      | Noticed Inarius's ghost (novice VSFE)
  2221 | D:5      | Reached skill level 5 in Shields
  2255 | D:5      | Found a stormy altar of Qazlal.
  2382 | D:5      | Slain by an ice beast

Levels and vault maps discovered:
D:1:      lightli_arrival_statuegarden, layout_loops_ring
D:2:      layout_loops_ring, elyvilon_altar_5
D:3:      layout_rooms, serial_curves, eino_curves_01, eino_curves_01,
          eino_curves_04, minmay_box_of_dots
D:4:      layout_gridville, nicolae_ashenzari_panopticon, lemuel_crystal_altar
D:5:      layout_basic, grunt_temple_overflow_opulence,
          nicolae_overflow_crystal_walls, gammafunk_ghost_necromancy,
          first_ration, grunt_qazlal_sundering

Skill      XL: |  1  2  3  4  5  6  7 |
---------------+----------------------+-----
Axes           | 3 4 5 |  5.7
Fighting       | 3 4 |  4.0
Armour         | 4 |  4.9
Shields        | 4 5 |  5.0
Invocations    | 1 2 |  2.3
Evocations     | 1 2 |  2.3

Action                   |  1- 3 |  4- 6 |  7- 9 || total
-------------------------+-------+-------+-------++-------
Melee: War axe           |    83 |   106 |    22 ||   211
 Abil: Heal Wounds       |     3 |     5 |     3 ||    11
  Eat: Chunk             |       |     3 |     2 ||     5
Armor: Scale mail        |    65 |    71 |    13 ||   149
Dodge: Dodged            |    52 |    47 |    10 ||   109
Block: Shield            |    74 |    82 |    18 ||   174
